HSSL
FRESNO HS RED WINGS @ BISHOP VEROT HS
04/20/2030
 
TOP OF THE 1ST
Fresno HS Red Wings batting - Pitching for Bishop Verot HS : RHP Mathieu Hallé
Pitching: RHP Mathieu Hallé
Batting: RHB Vicente Torres 0-0: Ball
1-0: SINGLE (Flyball, 9LM)
Batting: RHB Mike Peterson 0-0: Ball
1-0: Called Strike
1-1: Ball
2-1: Swinging Strike
2-2: SINGLE (Groundball, 6MD)
Vicente Torres to second
Batting: RHB Thomas English 0-0: Ball
1-0: SINGLE (Line Drive, 9S)
Vicente Torres to third
Mike Peterson to second
Batting: SHB Xavier Stout 0-0: Ball
1-0: Ball
2-0: SINGLE (Line Drive, 34D)
Vicente Torres scores
Mike Peterson to third
Thomas English to second
Batting: RHB Bob Howard 0-0: Called Strike
0-1: Ball
1-1: Ball
2-1: SINGLE (Flyball, 9LM)
Mike Peterson scores
Thomas English to third
Xavier Stout to second
Runner from 3rd tries for Home, SAFE, no throw
Batting: RHB Richard Reynolds 0-0: Ball
1-0: Called Strike
1-1: SINGLE (Line Drive, 8RS)
Xavier Stout to third
Bob Howard to second
Runner from 3rd tries for Home, SAFE, no throw
Batting: RHB José Cómpoz 0-0: Called Strike
0-1: Ball
1-1: Ball
2-1: Ball
3-1: Base on Balls
Bob Howard to third
Richard Reynolds to second
Batting: RHB Bill Walters 0-0: Ball
1-0: Called Strike
1-1: Swinging Strike
1-2: Ball
2-2: Strikes out swinging
Batting: RHB Luis Mata 0-0: Fly out, F8 (Flyball, 89M)
Runner from 3rd tags up, SCORES, throw made
Batting: RHB Vicente Torres 0-0: Ball
1-0: Foul Ball, location: 2F
1-1: Called Strike
1-2: Foul Ball, location: 2F
1-2: Ball
2-2: Foul Ball, location: 2F
2-2: Ball
3-2: SINGLE (Line Drive, 8RS)
Richard Reynolds to third
José Cómpoz to second
Richard Reynolds scores
José Cómpoz to third
Batting: RHB Mike Peterson 0-0: Swinging Strike
0-1: Ball
1-1: Swinging Strike
1-2: SINGLE (Groundball, 56S) (infield hit)
José Cómpoz scores
Vicente Torres to second
Batting: RHB Thomas English 0-0: Ball
1-0: Called Strike
1-1: Swinging Strike
1-2: Strikes out looking
Top of the 1st over - 7 runs, 8 hits, 0 errors, 2 left on base; Fresno HS 7 - Bishop Verot HS 0
BOTTOM OF THE 1ST
Bishop Verot HS batting - Pitching for Fresno HS Red Wings : RHP Tom Land
Pitching: RHP Tom Land
Batting: RHB Rafael Sánchez 0-0: Called Strike
0-1: Ball
1-1: Swinging Strike
1-2: Ball
2-2: Foul Ball, location: 2F
2-2: Foul Ball, location: 2F
2-2: Foul Ball, location: 2F
2-2: Foul Ball, location: 2F
2-2: Strikes out swinging
Batting: LHB Fred Peters 0-0: Called Strike
0-1: DOUBLE (Line Drive, 7LS)
Batting: RHB Martin Davis 0-0: Ball
1-0: Swinging Strike
1-1: Ball
2-1: Swinging Strike
2-2: Strikes out swinging
Batting: RHB Mike Harris 0-0: Fly out, F8 (Flyball, 8RD)
Bottom of the 1st over - 0 runs, 1 hit, 0 errors, 1 left on base; Fresno HS 7 - Bishop Verot HS 0
TOP OF THE 2ND
Fresno HS Red Wings batting - Pitching for Bishop Verot HS : RHP Mathieu Hallé
Batting: SHB Xavier Stout 0-0: Ball
1-0: Foul Ball, location: 2F
1-1: Called Strike
1-2: Ball
2-2: Ball
3-2: Strikes out swinging
Batting: RHB Bob Howard 0-0: Called Strike
0-1: Ball
1-1: Ball
2-1: Fly out, F3 (Popup, 34S)
Batting: RHB Richard Reynolds 0-0: Ball
1-0: Ball
2-0: Fly out, F3 (Line Drive, 34)
Top of the 2nd over - 0 runs, 0 hits, 0 errors, 0 left on base; Fresno HS 7 - Bishop Verot HS 0
BOTTOM OF THE 2ND
Bishop Verot HS batting - Pitching for Fresno HS Red Wings : RHP Tom Land
Batting: LHB Mario Rodríguez 0-0: Swinging Strike
0-1: Foul Ball, location: 2F
0-2: Ball
1-2: Strikes out looking
Batting: RHB Ken O'Quinn 0-0: Called Strike
0-1: Ball
1-1: Ball
2-1: Fly out, F3 (Flyball, 34D)
Batting: RHB Jorge Franco 0-0: Foul Ball, location: 2F
0-1: Called Strike
0-2: Ball
1-2: Ball
2-2: Strikes out swinging
Bottom of the 2nd over - 0 runs, 0 hits, 0 errors, 0 left on base; Fresno HS 7 - Bishop Verot HS 0
TOP OF THE 3RD
Fresno HS Red Wings batting - Pitching for Bishop Verot HS : RHP Mathieu Hallé
Batting: RHB José Cómpoz 0-0: Ground out 4-3 (Groundball, 4M)
Batting: RHB Bill Walters 0-0: Foul Ball, location: 2F
0-1: Reached via error on a dropped throw, E1
Batting: RHB Luis Mata 0-0: Ball
1-0: Swinging Strike
1-1: Called Strike
1-2: Ball
2-2: Foul Ball, location: 2F
2-2: Strikes out looking
Batting: RHB Vicente Torres 0-0: Ball
1-0: Ball
2-0: DOUBLE (Line Drive, 9D)
Bill Walters to third
Batting: RHB Mike Peterson 0-0: Called Strike
0-1: Ball
1-1: Ball
2-1: Foul Ball, location: 2F
2-2: Ball
3-2: Ground out 6-3 (Groundball, 6)
Top of the 3rd over - 0 runs, 1 hit, 1 error, 2 left on base; Fresno HS 7 - Bishop Verot HS 0
BOTTOM OF THE 3RD
Bishop Verot HS batting - Pitching for Fresno HS Red Wings : RHP Tom Land
Batting: RHB Frank Rangel 0-0: Ball
1-0: Ground out 4-3 (Groundball, 4)
Batting: RHB José Mejía 0-0: Ball
1-0: Ball
2-0: Foul Ball, location: 2F
2-1: Swinging Strike
2-2: Ball
3-2: Base on Balls
Batting: RHB Rafael Sánchez 0-0: Called Strike
0-1: Ball
1-1: SINGLE (Line Drive, 89S)
José Mejía to second
Batting: LHB Fred Peters 0-0: Ball
1-0: SINGLE (Groundball, 3) (infield hit)
José Mejía to third
Rafael Sánchez to second
Batting: RHB Martin Davis 0-0: Swinging Strike
0-1: Swinging Strike
0-2: Strikes out swinging
Batting: RHB Mike Harris 0-0: Called Strike
0-1: Ball
1-1: Hit by Pitch
José Mejía scores
Rafael Sánchez to third
Fred Peters to second
Batting: LHB Mario Rodríguez 0-0: Ball
1-0: Foul Ball, location: 2F
1-1: Called Strike
1-2: Ground out U3 (Groundball, 3)
Bottom of the 3rd over - 1 run, 2 hits, 0 errors, 3 left on base; Fresno HS 7 - Bishop Verot HS 1
TOP OF THE 4TH
Fresno HS Red Wings batting - Pitching for Bishop Verot HS : RHP Mathieu Hallé
Batting: RHB Thomas English 0-0: Ball
1-0: Fly out, F5 (Popup, 56)
Batting: SHB Xavier Stout 0-0: Called Strike
0-1: Swinging Strike
0-2: Ball
1-2: Foul Ball, location: 2F
1-2: Strikes out swinging
Batting: RHB Bob Howard 0-0: Called Strike
0-1: Ball
1-1: Ground out 6-3 (Groundball, 6)
Top of the 4th over - 0 runs, 0 hits, 0 errors, 0 left on base; Fresno HS 7 - Bishop Verot HS 1
BOTTOM OF THE 4TH
Bishop Verot HS batting - Pitching for Fresno HS Red Wings : RHP Tom Land
Batting: RHB Ken O'Quinn 0-0: Called Strike
0-1: DOUBLE (Flyball, 78XD)
Batting: RHB Jorge Franco 0-0: Ball
1-0: Called Strike
1-1: Called Strike
1-2: Strikes out swinging
Batting: RHB Frank Rangel 0-0: Ball
1-0: Called Strike
1-1: DOUBLE (Flyball, 89D)
Ken O'Quinn scores
Batting: RHB José Mejía 0-0: Fly out, F7 (Flyball, 7)
Batting: RHB Rafael Sánchez 0-0: Ball
1-0: Ball
2-0: Swinging Strike
2-1: Called Strike
2-2: Ground out 4-3 (Groundball, 4)
Bottom of the 4th over - 1 run, 2 hits, 0 errors, 1 left on base; Fresno HS 7 - Bishop Verot HS 2
TOP OF THE 5TH
Fresno HS Red Wings batting - Pitching for Bishop Verot HS : RHP Mathieu Hallé
Pitching: LHP Alfredo Deleón
Batting: RHB Richard Reynolds 0-0: Ball
1-0: Ball
2-0: Ball
3-0: Base on Balls
Batting: RHB José Cómpoz 0-0: Called Strike
0-1: Ball
1-1: Fielders Choice at 2nd, 5-4 (Groundball, 56)
Batting: RHB Bill Walters 0-0: Ball
1-0: Called Strike
1-1: Ball
2-1: Grounds into double play, 5-4-3 (Groundball, 56)
Top of the 5th over - 0 runs, 0 hits, 0 errors, 0 left on base; Fresno HS 7 - Bishop Verot HS 2
BOTTOM OF THE 5TH
Bishop Verot HS batting - Pitching for Fresno HS Red Wings : RHP Tom Land
Batting: LHB Fred Peters 0-0: Swinging Strike
0-1: Ball
1-1: Foul Ball, location: 2F
1-2: Ball
2-2: Strikes out swinging
Batting: RHB Martin Davis 0-0: Swinging Strike
0-1: Called Strike
0-2: Ball
1-2: Ball
2-2: SINGLE (Line Drive, 34)
Batting: RHB Mike Harris 0-0: Called Strike
0-1: Ball
1-1: SINGLE (Flyball, 9LS)
Martin Davis to second
Runner from 2nd tries for 3rd, SAFE, no throw
Pitching: RHP Rodrigo Silva
Batting: LHB Mario Rodríguez 0-0: Ball
1-0: Ball
2-0: Ball
Mike Harris is caught stealing 2nd base
3-0: Called Strike
3-1: Foul Ball, location: 2F
3-2: Strikes out swinging
Bottom of the 5th over - 0 runs, 2 hits, 0 errors, 1 left on base; Fresno HS 7 - Bishop Verot HS 2
TOP OF THE 6TH
Fresno HS Red Wings batting - Pitching for Bishop Verot HS : LHP Alfredo Deleón
Batting: RHB Luis Mata 0-0: Ball
1-0: Called Strike
1-1: Foul Ball, location: 2F
1-2: Ball
2-2: SINGLE (Line Drive, 89M)
Batting: RHB Vicente Torres 0-0: Ball
1-0: Foul Ball, location: 2F
1-1: Fly out, F3 (Line Drive, 3F)
Lined into DP, U3 (Line Drive, 3F)
Batting: RHB Mike Peterson 0-0: Ball
1-0: Ball
2-0: Ground out 6-3 (Groundball, 56)
Top of the 6th over - 0 runs, 1 hit, 0 errors, 0 left on base; Fresno HS 7 - Bishop Verot HS 2
BOTTOM OF THE 6TH
Bishop Verot HS batting - Pitching for Fresno HS Red Wings : RHP Rodrigo Silva
Batting: RHB Ken O'Quinn 0-0: Ball
1-0: Foul Ball, location: 2F
1-1: Ball
2-1: Foul Ball, location: 2F
2-2: Strikes out swinging
Batting: RHB Jorge Franco 0-0: Ball
1-0: Swinging Strike
1-1: Ball
2-1: Single, Error in OF, E7, batter to second base
Batting: RHB Frank Rangel 0-0: Ground out 6-3 (Groundball, 6)
Batting: RHB José Mejía 0-0: DOUBLE (Line Drive, 78D)
Jorge Franco scores
Batting: RHB Rafael Sánchez 0-0: Ball
1-0: Foul Ball, location: 2F
1-1: Foul Ball, location: 2F
1-2: Fly out, F4 (Line Drive, 4D)
Bottom of the 6th over - 1 run, 2 hits, 1 error, 1 left on base; Fresno HS 7 - Bishop Verot HS 3
TOP OF THE 7TH
Fresno HS Red Wings batting - Pitching for Bishop Verot HS : LHP Alfredo Deleón
Batting: RHB Thomas English 0-0: Swinging Strike
0-1: Ball
1-1: Ball
2-1: Foul Ball, location: 2F
2-2: Strikes out looking
Batting: SHB Xavier Stout 0-0: Foul Ball, location: 2F
0-1: Ball
1-1: Foul Ball, location: 2F
1-2: Foul Ball, location: 2F
1-2: Hit by Pitch
Batting: RHB Bob Howard 0-0: Ball
1-0: Ball
2-0: Ball
3-0: Called Strike
3-1: Base on Balls
Xavier Stout to second
Batting: RHB Richard Reynolds 0-0: Swinging Strike
0-1: Ball
1-1: Ball
2-1: Fly out, F8 (Line Drive, 8RM)
Batting: RHB José Cómpoz 0-0: Ball
1-0: Swinging Strike
1-1: Ball
2-1: Foul Ball, location: 2F
2-2: Strikes out swinging
Top of the 7th over - 0 runs, 0 hits, 0 errors, 2 left on base; Fresno HS 7 - Bishop Verot HS 3
BOTTOM OF THE 7TH
Bishop Verot HS batting - Pitching for Fresno HS Red Wings : RHP Rodrigo Silva
Batting: LHB Fred Peters 0-0: Ground out 4-3 (Groundball, 4M)
Batting: RHB Martin Davis 0-0: Foul Ball, location: 2F
0-1: Swinging Strike
0-2: Ball
1-2: Foul Ball, location: 2F
1-2: Foul Ball, location: 2F
1-2: Strikes out looking
Batting: RHB Mike Harris 0-0: Swinging Strike
0-1: Ball
1-1: Fly out, F6 (Line Drive, 6)
Bottom of the 7th over - 0 runs, 0 hits, 0 errors, 0 left on base; Fresno HS 7 - Bishop Verot HS 3
TOP OF THE 8TH
Fresno HS Red Wings batting - Pitching for Bishop Verot HS : LHP Alfredo Deleón
Batting: RHB Bill Walters 0-0: SINGLE (Line Drive, 4MD)
Batting: RHB Luis Mata 0-0: Called Strike
0-1: Ball
1-1: Ball
2-1: Ball
3-1: Fielders Choice at 2nd, 5-4 (Groundball, 56)
Batting: RHB Vicente Torres 0-0: SINGLE (Line Drive, 34)
Luis Mata to second
Batting: RHB Mike Peterson 0-0: Called Strike
0-1: Fly out, F5 (Line Drive, 5S)
Batting: RHB Thomas English 0-0: Ball
1-0: Ball
2-0: Called Strike
2-1: Called Strike
2-2: Foul Ball, location: 2F
2-2: Strikes out swinging
Top of the 8th over - 0 runs, 2 hits, 0 errors, 2 left on base; Fresno HS 7 - Bishop Verot HS 3
BOTTOM OF THE 8TH
Bishop Verot HS batting - Pitching for Fresno HS Red Wings : RHP Rodrigo Silva
Batting: LHB Mario Rodríguez 0-0: Ball
1-0: Called Strike
1-1: SINGLE (Line Drive, 7LM)
Batting: RHB Ken O'Quinn 0-0: Swinging Strike
0-1: Grounds into double play, 5-4-3 (Groundball, 5)
Batting: RHB Jorge Franco 0-0: Ball
1-0: Called Strike
1-1: Ball
2-1: SINGLE (Flyball, 7S)
Batting: RHB Frank Rangel 0-0: Called Strike
0-1: Ball
1-1: Ball
2-1: Ball
3-1: Called Strike
3-2: Foul Ball, location: 2F
3-2: Base on Balls
Jorge Franco to second
Batting: RHB José Mejía 0-0: 3-RUN HOME RUN (Flyball, 7LD), Distance : 351 ft
Pitching: RHP Vic Burton
Batting: RHB Rafael Sánchez 0-0: Called Strike
0-1: Swinging Strike
0-2: Foul Ball, location: 2F
0-2: Strikes out swinging
Bottom of the 8th over - 3 runs, 3 hits, 0 errors, 0 left on base; Fresno HS 7 - Bishop Verot HS 6
TOP OF THE 9TH
Fresno HS Red Wings batting - Pitching for Bishop Verot HS : LHP Alfredo Deleón
Batting: SHB Xavier Stout 0-0: Ball
1-0: Called Strike
1-1: Ball
2-1: Called Strike
2-2: Strikes out swinging
Batting: RHB Bob Howard 0-0: Fly out, F9 (Line Drive, 9D)
Batting: RHB Richard Reynolds 0-0: Ball
1-0: Fly out, F8 (Flyball, 8LD)
Top of the 9th over - 0 runs, 0 hits, 0 errors, 0 left on base; Fresno HS 7 - Bishop Verot HS 6
BOTTOM OF THE 9TH
Bishop Verot HS batting - Pitching for Fresno HS Red Wings : RHP Vic Burton
Pitching: LHP Augusto Morgado
Now at C: Chris Myers
Batting: LHB Fred Peters 0-0: Called Strike
0-1: Foul Ball, location: 2F
0-2: Ball
1-2: Ball
2-2: Strikes out swinging
Batting: RHB Martin Davis 0-0: Foul Ball, location: 2F
0-1: Ball
1-1: Swinging Strike
1-2: Ball
2-2: Ball
3-2: Strikes out looking
Batting: RHB Mike Harris 0-0: Called Strike
0-1: Swinging Strike
0-2: Ball
1-2: Strikes out looking
Bottom of the 9th over - 0 runs, 0 hits, 0 errors, 0 left on base; Fresno HS 7 - Bishop Verot HS 6
Saturday, April 7th, 2018 - OOTP Baseball 18.8 Build 76